 Dungeon Crawl Stone Soup version 0.17-a0-2002-g92c7e20 (webtiles) character file.

550 tp1 the Covered (level 7, -13/61 HPs)
             Began as a Gargoyle Berserker on Oct 8, 2015.
             Was a Priest of Trog.
             Mangled by an ogre
             ... wielding a +0 giant spiked club
              (16 damage)
             ... on level 5 of the Dungeon.
             The game lasted 00:18:40 (2579 turns).

tp1 the Covered (Gargoyle Berserker)                Turns: 2579, Time: 00:18:40

Health: -13/61     AC: 18    Str: 26    XL:     7   Next: 29%
Magic:  7/7        EV:  8    Int:  7    God:    Trog [***...]
Gold:   176        SH:  0    Dex: 11    Spells: 0 memorised, 6 levels left

rFire  . . .     SeeInvis .     s - +1 war axe
rCold  . . .     Clarity  .     q - +0 plate armour
rNeg   + + .     SustAt   .     (no shield)
rPois  ∞         Gourm    .     l - +0 helmet
rElec  +         Spirit   .     (no cloak)
rCorr  .         Warding  +     (no gloves)
rMut   .         Stasis   .     (no boots)
MR     .....                    i - amulet of warding
Stlth  ..........               (no ring)
                                k - ring of stealth

@: berserking, very quick, not resistant to hostile enchantments, extremely
unstealthy
A: negative energy resistance 1, electricity resistance, unbreathing,
petrification resistance, rot immunity, AC +4
a: Burn Spellbooks, Berserk, Trog's Hand, Renounce Religion


You were on level 5 of the Dungeon.
You worshipped Trog.
Trog was most pleased with you.
You were not hungry.

You visited 1 branch of the dungeon, and saw 5 of its levels.

You collected 176 gold pieces.

Inventory:

Hand Weapons
 a - a +0 hand axe
 e - a +2 whip of pain
 s - a +1 war axe (weapon)
 w - a +0 flail
Armour
 l - a +0 helmet (worn)
 q - a +0 plate armour (worn)
Jewellery
 i - an amulet of warding (around neck)
 k - a ring of stealth (left hand)
 v - a cursed -6 ring of strength {unknown}
Scrolls
 h - 4 scrolls of identify
 r - 2 scrolls of teleportation
Potions
 d - 2 potions of brilliance {unknown}
 j - a potion of cancellation {unknown}
 m - 2 potions of curing {unknown}
 z - a potion of agility {unknown}
 A - a potion of might {unknown}
Miscellaneous
 p - a plain deck of defence {drawn: 1}
Comestibles
 c - 2 bread rations
 f - a chunk of flesh
 g - 5 meat rations
 n - a slice of pizza
 u - 3 royal jellies


   Skills:
 + Level 3.5 Fighting
 + Level 3.2(4.0) Axes
 + Level 4.0(4.7) Maces & Flails
 - Level 6.3 Armour
 - Level 2.0 Dodging
 + Level 0.1 Evocations


You had 6 spell levels left.
You didn't know any spells.

Dungeon Overview and Level Annotations

Branches:
Dungeon (5/15)
 Temple: D:4-7

Altars:
Nemelex Xobeh

Shops:
D:5 *


Innate Abilities, Weirdness & Mutations

You are resistant to torment.
Your stone body is resilient (AC +4).
You are immune to poison.
You resist negative energy.
You are resistant to electric shocks.
You can survive without breathing.
You are immune to petrification.
You are immune to rotting.


Message History

The ogre hits you with a giant spiked club.
You barely miss the ogre.
The ogre is heavily wounded.
The ogre barely misses you.
You hit the ogre.
The ogre is heavily wounded.
The ogre hits you with a giant spiked club!!
Ouch! That really hurt!
Use which ability?
A red film seems to cover your vision as you go berserk!
You feel yourself moving faster!
You feel mighty!
You feel somewhat more hungry.
Your plate armour prevents you from hitting the ogre.
The ogre is heavily wounded.
The ogre hits you with a giant spiked club!!
* * * LOW HITPOINT WARNING * * *
You slash the ogre!
The ogre is almost dead.
The ogre hits you with a giant spiked club!
You die...

,,,,,,,,*,,,,,,+,,,,,*,,,,*,,,,,,
,,,,,,,,+,,,,,,*∩,,,,+....+,,,,,,
**,,*****.,,,,,*<*#..#....##+####
**,,***,,..,,,**,##..#..........#
+,,,,,*,,...,,+,,#...+..........#
*,,,,,+,,....,*,,+...#..........#
**+****,,.....#+###..#..........#
**,,****+#.......##.+...........+
,,,,,*,,,+.....O@#..............#
**,,,+,,,#.......'..###..+#.....#
**,,,*,,,#.......#..'∩+...#......
***+**,,,#.......#..###...+......
*,,,,****#########......###......
*,,,,* ###.....<....... ,,,,,*
#.......##+### ,,,,,*
###.....+...'. ,,,,,*
#.....#...#.


You could see an ogre.

Vanquished Creatures
  A black bear (D:4)
  A crimson imp (D:3)
  A centaur skeleton (D:4)
  A hound (D:4)
  A giant frog skeleton (D:5)
  4 orc priests
  A worker ant (D:4)
  An orc wizard (D:4)
  6 adders
  3 gnolls (D:3)
  An adder skeleton (D:4)
  6 worms
  11 orcs
  4 ball pythons
  6 giant cockroaches
  7 goblins
  7 hobgoblins
  6 kobolds
  A quokka (D:3)
  11 bats
  8 giant newts
  A quokka skeleton (D:4)
  6 rats
95 creatures vanquished.

Notes
Turn   | Place    | Note
--------------------------------------------------------------
     0 | D:1      | tp1 the Gargoyle Berserker began the quest for the Orb.
     0 | D:1      | Reached XP level 1. HP: 14/14 MP: 1/1
   241 | D:1      | Reached XP level 2. HP: 17/19 MP: 2/2
   556 | D:1      | Acquired Trog's second power
   578 | D:1      | Reached skill level 1 in Maces & Flails
   578 | D:1      | Reached XP level 3. HP: 12/23 MP: 3/3
   903 | D:2      | Found a sparkling altar of Nemelex Xobeh.
  1222 | D:3      | Reached XP level 4. HP: 24/28 MP: 4/4
  1352 | D:3      | Reached XP level 5. HP: 3/32 MP: 5/5
  1486 | D:3      | Reached skill level 4 in Armour
  1928 | D:3      | Reached XP level 6. HP: 37/37 MP: 6/6
  2030 | D:4      | Reached skill level 5 in Armour
  2254 | D:4      | Reached skill level 6 in Armour
  2254 | D:4      | Reached XP level 7. HP: 39/41 MP: 7/7
  2467 | D:5      | Entered Level 5 of the Dungeon
  2561 | D:5      | Found Yrad's General Store.
  2578 | D:5      | HP: 3/61 [ogre/giant spiked club (24)]
  2579 | D:5      | Mangled by an ogre

Vault maps used:
D:1:      elethiomel_arrival_diamonds, st_stairs_4, minmay_misc_feat_rows,
          minmay_liquid_box
D:2:      nemelex_deck
D:4:      black_bear_nest_1
D:5:      temple_fountains, first_bread, serial_shops, shop, shop,
          kennysheep_mini_moat, shop, shop

Action                   |  1- 3 |  4- 6 |  7- 9 || total
-------------------------+-------+-------+-------++-------
Melee: Hand axe          |    11 |       |       ||    11
       Whip              |   137 |    81 |       ||   218
       War axe           |       |   104 |    26 ||   130
Invok: Berserk           |       |     2 |     1 ||     3
       Trog's Hand       |       |     1 |       ||     1
Evoke: Deck              |     1 |       |       ||     1
  Use: Scroll            |     4 |       |     4 ||     8
 Stab: Sleeping          |     1 |       |       ||     1
  Eat: Chunk             |     1 |     6 |     1 ||     8
